 Dungeon Crawl Stone Soup version 0.27.1-2-g3b301248ec (webtiles) character file.

Game seed: 15584999309934652021

19 Mig the Sneak (level 2, 0/14 HPs)
             Began as a Spriggan Enchanter on Sept 23, 2021.
             Slain by a worm (10 damage)
             ... on level 2 of the Dungeon.
             The game lasted 00:03:49 (1519 turns).

Mig the Sneak (Spriggan Enchanter)                  Turns: 1519, Time: 00:03:50

Health: 0/14       AC:  2    Str:  4    XL:     2   Next: 55%
Magic:  6/6        EV: 17    Int: 16    God:
Gold:   77         SH:  0    Dex: 15    Spells: 5/6 levels left

rFire    . . .     SeeInvis +   a - +1 dagger
rCold    . . .     Faith    .   (shield restricted)
rNeg     . . .     Spirit   .   b - +0 robe
rPois    .         Reflect  .   (helmet restricted)
rElec    .         Harm     .   (no cloak)
rCorr    .         Rampage  .   (gloves unavailable)
Will     .....                  (boots unavailable)
Stlth    +++.......             (no amulet)
HPRegen  0.04/turn              (no ring)
MPRegen  0.10/turn              (no ring)

@: very quick
A: very small, no large weapons, unfitting armour, see invisible, speed 3
a: no special abilities


You were on level 2 of the Dungeon.
You visited 1 branch of the dungeon, and saw 2 of its levels.

You collected 77 gold pieces.

Inventory:

Hand Weapons
 a - a +1 dagger (weapon)
Armour
 b - a +0 robe (worn)
Jewellery
 c - a ring of ice
Scrolls
 d - 3 scrolls of identify
Potions
 f - a potion of heal wounds


   Skills:
 * Level 1.0 Fighting
 + Level 1.5 Short Blades
 + Level 3.1 Dodging
 + Level 4.8 Stealth
 - Level 2.6 Spellcasting
 - Level 3.6 Hexes


You had 5 spell levels left.
You knew the following spells:

 Your Spells              Type           Power      Damage    Failure   Level
a - Corona                Hex            14%        N/A       4%          1

Your spell library contained the following spells:

 Spells                   Type           Power      Damage    Failure   Level
 Confusing Touch          Hex            13%        N/A       13%         3
 Tukima's Dance           Hex            13%        N/A       13%         3
 Ensorcelled Hibernation  Hex/Ice        14%        N/A       14%         2
 Dazzling Flash           Conj/Hex       14%        N/A       28%         3


Dungeon Overview and Level Annotations

Branches:
Dungeon (2/15)

Altars:


Innate Abilities, Weirdness & Mutations

You are very small and have problems with some larger weapons.
You are too small for most types of armour.
You have supernaturally acute eyesight. (SInv)
You cover ground extremely quickly. (Speed+++)


Message History

The worm is severely wounded.
You hit the worm but do no damage.
The worm is severely wounded.
The worm misses you.
You hit the worm but do no damage.
The worm is heavily wounded.
Found 10 gold pieces.
There is a stone staircase leading up here.
You climb upwards.
There is a stone staircase leading down here.
You start resting.
HP restored.
You climb downwards.
There is a stone staircase leading up here.
You hit the worm but do no damage. You hit the worm.
The worm is moderately wounded.
The worm barely misses you.
You hit the worm.
The worm is moderately wounded.
You hit the worm.
The worm is heavily wounded.
The worm barely misses you.
You hit the worm but do no damage.
The worm is moderately wounded.
You hit the worm.
The worm is heavily wounded.
The worm misses you.
You hit the worm.
The worm is severely wounded.
You barely miss the worm.
The worm is severely wounded.
The worm bites you.
You hit the worm.
The worm is severely wounded.
You hit the worm.
The worm is almost dead.
The worm bites you!
Ouch! That really hurt!
You die...

# #####..# ........#
.######..#### .##......
............## #####..
####.........# #..
#..##.##..# #.######..
#..##.##..# #.........
#...#.##..# #####.###.
###.>...##..######...##.
+......@................
#.....w.##..#####.......
#.#.#.#.....# ##...#..
##.#.#....### ##.####
##.#..)#...# #.#
#...#.#....# #.#
#..#.#.#...# #.#
###...#....### #.#
#...w....#.# ##.####


You could see a worm.

Vanquished Creatures
  A dart slug (D:1)
  A bat (D:1)
  2 endoplasms
  3 goblins
  2 hobgoblins
  3 quokkas (D:2)
  A ball python (D:1)
  2 rats (D:1)
15 creatures vanquished.

Notes
Turn   | Place    | Note
-------+----------+-------------------------------------------
     0 | D:1      | Mig the Spriggan Enchanter began the quest for the Orb.
     0 | D:1      | Reached XP level 1. HP: 9/9 MP: 5/5
   312 | D:1      | Reached XP level 2. HP: 14/14 MP: 6/6
   940 | D:2      | Reached skill level 1 in Fighting
  1519 | D:2      | Slain by a worm

Illustrated notes

Levels and vault maps discovered:
D:1:      mrwooster_arrival_arrow, layout_loops_ring
D:2:      layout_loops_corners, serial_shops, nicolae_square_shop, basic_altar,
          serial_bayou_pond_e, minmay_tiny_reverse_x

Skill      XL: |  1  2 |
---------------+-------+-----
Dodging        | 3 |  3.1
Fighting       | 1 |  1.0
Short Blades   | |  1.5
Stealth        | |  4.8
Spellcasting   | |  2.6
Hexes          | |  3.6

Action                   || total
-------------------------++-------
Melee: Dagger            ||    69
  Use: Scroll            ||     3
 Stab: Sleeping          ||     9
Armor: Robe              ||     2
Dodge: Dodged            ||    38
